 Dungeon Crawl Stone Soup version 0.19-a0-1886-gd64a0f0 (webtiles) character file.

39511 Kirkhe the Severer (level 13, -9/101 HPs)
             Began as a Demonspawn Gladiator on Oct 15, 2016.
             Was the Champion of Okawaru.
             Killed from afar by matthes123's ghost (35 damage)
             ... with a stone arrow
             ... on level 6 of the Lair of Beasts.
             The game lasted 00:34:24 (13209 turns).

Kirkhe the Severer (Demonspawn Gladiator)          Turns: 13209, Time: 00:34:25

Health: -9/101     AC: 32    Str: 30    XL:     13   Next: 69%
Magic:  0/13       EV: 14    Int: 11    God:    Okawaru [******]
Gold:   899        SH:  0    Dex:  9    Spells: 0 memorised, 12 levels left

rFire  + . .     SeeInvis +     Z - +2 broad axe of Precise Incision {chop, Str+4}
rCold  . . .     Gourm    .     S - +3 chain mail {rF+}
rNeg   . . .     Faith    +     (no shield)
rPois  +         Spirit   +     Y - +2 helmet {SInv}
rElec  .         Dismiss  .     X - +1 cloak
rCorr  .         Reflect  .     Q - +0 pair of gloves of a sewer {rPois Str+6 Dex-4 Stlth+}
MR     +....     Harm     .     N - +0 pair of boots {run}
Stlth  ..........               q - amulet of faith
                                y - +4 ring of evasion
                                U - ring of protection from magic

@: sanguine armour, quick
A: hooves 2, spiny 1, magic shield, magic regeneration, sanguine armour 2
a: Heroism, Finesse, Renounce Religion


You were on level 6 of the Lair of Beasts.
You worshipped Okawaru.
Okawaru was exalted by your worship.
You were not hungry.

You visited 3 branches of the dungeon, and saw 17 of its levels.
You also visited: Sewer.

You collected 1169 gold pieces.
You spent 270 gold pieces at shops.

Inventory:

Hand Weapons
 j - a +2 battleaxe of venom
 E - a +3 executioner's axe of freezing
 J - a cursed +0 blowgun
 Z - the +2 broad axe of Precise Incision (weapon) {chop, Str+4}
   (Okawaru gifted it to you on level 6 of the Lair of Beasts)

   It inflicts extra damage upon your enemies.
   It affects your strength (+4).
Missiles
 a - 2 curare-tipped needles
 O - 44 poisoned needles
Armour
 B - a +2 pair of gloves of strength
 N - a +0 pair of boots of running (worn)
 Q - the +0 pair of gloves of a sewer (worn) {rPois Str+6 Dex-4 Stlth+}
   (Okawaru gifted it to you on level 2 of the Lair of Beasts)

   It affects your strength (+6).
   It affects your dexterity (-4).
   It protects you from poison.
   It makes you more stealthy.
 S - a +3 chain mail of fire resistance (worn)
 X - a +1 cloak (worn)
 Y - a +2 helmet of see invisible (worn)
Magical Staves
 W - an uncursed staff of wizardry
Jewellery
 q - an amulet of faith (around neck)
 v - a +6 ring of intelligence
 y - a +4 ring of evasion (right hand)
 C - an uncursed ring of resist corrosion
 G - an uncursed ring of fire
 U - a ring of protection from magic (left hand)
Wands
 A - a wand of acid (10/15)
 F - a wand of paralysis (9/24)
 R - a wand of slowing (15/48)
Scrolls
 g - a scroll of fog
 k - 2 scrolls of enchant armour
 o - 4 scrolls of magic mapping
 s - 2 scrolls of remove curse
 x - 4 scrolls of teleportation
 z - 3 scrolls of blinking
 D - 4 scrolls of amnesia
 H - 2 scrolls of identify
 L - a scroll of brand weapon
Potions
 b - 4 potions of berserk rage
 e - 5 potions of curing
 h - a potion of haste
 i - 4 potions of brilliance
 m - 2 potions of heal wounds
 n - 4 potions of flight
 r - a potion of might
 t - 2 potions of ambrosia
 K - a potion of resistance
 P - 2 potions of mutation
Books
 c - a book of Fire

   Spells                             Type                      Level
   a - Ignite Poison                  Fire/Transmutation/Poison    3
   b - Fireball                       Conjuration/Fire             5
   c - Bolt of Fire                   Conjuration/Fire             6
   d - Delayed Fireball               Conjuration/Fire             7
   e - Ring of Flames                 Charms/Fire                  7
 l - a book of Beasts

   Spells                             Type                      Level
   a - Summon Butterflies             Summoning                    1
   b - Call Canine Familiar           Summoning                    3
   c - Summon Ice Beast               Ice/Summoning                4
   d - Summon Mana Viper              Hexes/Summoning              5
   e - Summon Hydra                   Summoning                    7
 T - a book of Minor Magic

   Spells                             Type                      Level
   a - Magic Dart                     Conjuration                  1
   b - Blink                          Translocation                2
   c - Call Imp                       Summoning                    2
   d - Repel Missiles                 Charms/Air                   2
   e - Slow                           Hexes                        2
   f - Conjure Flame                  Conjuration/Fire             3
   g - Mephitic Cloud                 Conjuration/Poison/Air       3
Comestibles
 d - a chunk of flesh
 f - 10 bread rations
 u - 10 slices of pizza
 w - 20 royal jellies
 I - 18 fruits
 V - 6 meat rations


   Skills:
 + Level 9.1 Fighting
 + Level 16.7 Axes
 - Level 1.7 Throwing
 + Level 10.7 Armour
 - Level 2.6 Dodging


You had 12 spell levels left.
You didn't know any spells.

Dungeon Overview and Level Annotations

Branches:
Dungeon (10/15)            Temple (1/1) D:5            Lair (6/6) D:10
  Swamp (0/4) Lair:2        Snake (0/4) Lair:2        Slime (0/5) Lair:6
    Orc (0/2) D:10

Altars:
Cheibriados
Dithmenos
Elyvilon
Fedhas
Gozag
Kikubaaqudgha
Makhleb
Nemelex Xobeh
Okawaru
Ru
Sif Muna
Trog
Vehumet
Xom
Yredelemnul

Shops:
D:6 [*[   D:7 *   D:10 =

Annotations:
Lair:6 matthes123's ghost, journeyman GrEE


Innate Abilities, Weirdness & Mutations

You have hoof-like feet.
You are partially covered in sharp spines.
When hurt, damage is shared between your health and your magic reserves.
You regenerate magic rapidly.
When seriously injured, your bleeding wounds create thick armour. (AC +9)


Message History

Matthes123's ghost hits you but does no damage.
You barely miss matthes123's ghost.
Matthes123's ghost is almost destroyed.
Matthes123's ghost completely misses you.
You miss matthes123's ghost.
Matthes123's ghost is almost destroyed.
You hit matthes123's ghost but do no damage.
Matthes123's ghost is almost destroyed.
Matthes123's ghost whispers, "Everlasting silence awaits you..."
Matthes123's ghost gestures at you while chanting.
You easily resist.
You miss matthes123's ghost.
Matthes123's ghost is almost destroyed.
Matthes123's ghost points at you and mumbles some strange words.
The rocky blast hits you!
You barely miss matthes123's ghost.
Matthes123's ghost is almost destroyed.
Matthes123's ghost points at you and mumbles some strange words.
The stone arrow hits you!
You die...

......................#####....
...........##.#..####....##....
...........####### ##....###.##
............# #......####
............#### ##.P...#
♣..........<.#.####.#....##
♣♣..................#...##
♣..................##### #
♣............@....#.# #
♣♣...........†WP...# .###
♣..............#...# ....
♣...............###. .#..
..............# #..
..............# ....
................ ....
♣♣♣................. ##.#
♣♣♣♣†W...... ##


You could see matthes123's ghost.

Vanquished Creatures
  Rupert (Lair:6)
  Kirke (Lair:6)
  Nessos (Lair:6)
  A hydra (Lair:1)
  2 hill giants (D:10)
  4 black mambas
  10 elephants
  13 spiny frogs
  3 rime drakes
  8 komodo dragons
  A queen bee (Lair:2)
  A troll (D:9)
  3 polar bears
  5 hornets (Lair:6)
  10 blink frogs
  5 hippogriffs
  Sigmund (D:3)
  A redback (Lair:6)
  A vampire (D:9)
  12 spriggans (Lair:6)
  2 wyverns (Lair:3)
  A hungry ghost (D:9)
  3 hogs (Lair:6)
  26 yaks
  A steam dragon (D:9)
  A basilisk (Lair:2)
  15 water moccasins
  6 porcupines
  2 ice beasts
  5 orc warriors
  A sky beast (D:8)
  4 black bears
  An ogre (D:4)
  2 phantoms (D:6)
  18 wolves
  2 boggarts (Lair:6)
  A centaur (D:9)
  10 crocodiles
  2 big kobolds (D:9)
  10 bullfrogs
  A wyvern zombie (D:10)
  A water moccasin zombie (D:9)
  5 scorpions
  24 killer bees (Lair:2)
  5 wights (D:8)
  4 howler monkeys
  An electric eel (Lair:3)
  3 crimson imps
  7 hounds
  A quasit (D:9)
  A centaur skeleton (D:7)
  4 jellies
  5 orc priests
  A gnoll shaman (D:4)
  2 bullfrog skeletons
  Natasha (thrice) (D:4)
  An iguana (D:6)
  4 orc wizards
  8 worker ants
  A killer bee zombie (D:8)
  Robin (D:4)
  A worker ant zombie (D:7)
  18 gnolls
  A river rat (D:10)
  23 adders
  A howler monkey skeleton (D:4)
  4 shadow imps
  An ooze (Sewer)
  2 adder zombies
  5 worms
  The ghost of Minion the Sneak, a weakling FoAs (D:9)
  A dart slug (D:2)
  6 leopard geckos
  26 orcs
  2 ball pythons
  17 bats
  6 giant cockroaches
  17 goblins
  8 hobgoblins
  2 jackals (D:1)
  29 kobolds
  4 quokkas
  3 frilled lizards
  27 rats
  A bush (Lair:2)
  3 fungi
  2 plants (D:10)
491 creatures vanquished.

Vanquished Creatures (others)
  19 fungi
  6 plants
25 creatures vanquished.

Grand Total: 516 creatures vanquished

Notes
Turn   | Place    | Note
-------+----------+-------------------------------------------
     0 | D:1      | Kirkhe the Demonspawn Gladiator began the quest for the Orb.
     0 | D:1      | Reached XP level 1. HP: 16/16 MP: 1/1
   189 | D:1      | Reached skill level 3 in Axes
   227 | D:1      | Gained mutation: When seriously injured, your bleeding wounds create armour. (AC +9) [demonic ancestry]
   227 | D:1      | Reached XP level 2. HP: 17/22 MP: 2/2
   643 | D:2      | Found a radiant altar of Vehumet.
   664 | D:2      | Reached XP level 3. HP: 20/27 MP: 3/3
   793 | D:2      | Found a deep blue altar of Sif Muna.
   906 | D:2      | Reached skill level 1 in Armour
   945 | D:2      | Reached skill level 4 in Axes
  1279 | D:3      | Noticed Sigmund
  1299 | D:3      | Killed Sigmund
  1299 | D:3      | Reached skill level 5 in Axes
  1299 | D:3      | Reached XP level 4. HP: 9/33 MP: 4/4
  1299 | D:3      | Gained mutation: You have large cloven feet. [demonic ancestry]
  1299 | D:3      | Reached XP level 5. HP: 11/38 MP: 5/5
  1325 | D:3      | Found a glowing drain.
  1367 | Sewer    | Entered a sewer
  1624 | Sewer    | Gained mutation: When hurt, damage is shared between your health and your magic reserves. [demonic ancestry]
  1624 | Sewer    | Reached XP level 6. HP: 32/44 MP: 6/6
  1915 | D:3      | Found a burning altar of Makhleb.
  1915 | D:3      | Noticed a green death
  1918 | D:3      | Noticed a smoke demon
  1918 | D:3      | Noticed a ynoxinul
  2416 | D:3      | Found a snail-covered altar of Cheibriados.
  2520 | D:4      | Reached skill level 6 in Axes
  2888 | D:4      | Noticed Natasha
  2895 | D:4      | Reached XP level 7. HP: 46/50 MP: 7/7
  2895 | D:4      | Killed Natasha
  2895 | D:4      | Reached skill level 7 in Axes
  2910 | D:4      | Noticed Robin
  2921 | D:4      | Killed Robin
  2983 | D:4      | Noticed Natasha
  2990 | D:4      | Killed Natasha
  3067 | D:4      | Noticed Natasha
  3075 | D:4      | Killed Natasha
  3090 | D:5      | Entered Level 5 of the Dungeon
  3090 | D:5      | Found a blossoming altar of Fedhas.
  3121 | D:5      | Found a staircase to the Ecumenical Temple.
  3595 | D:5      | Found a shimmering altar of Xom.
  3700 | D:5      | Reached skill level 8 in Axes
  3766 | Temple   | Entered the Ecumenical Temple
  3802 | Temple   | Became a worshipper of Warmaster Okawaru
  3844 | D:6      | Found Rigikk's Antique Armour Boutique.
  3862 | D:6      | Gained mutation: You are partially covered in sharp spines. [demonic ancestry]
  3862 | D:6      | Reached XP level 8. HP: 17/56 MP: 3/8
  3911 | D:6      | Found Liuvutoh's Antique Armour Boutique.
  3972 | D:6      | Found Esapoj Osooch's Assorted Antiques.
  3975 | D:6      | Bought a granite ring for 150 gold pieces
  3975 | D:6      | Bought a scroll of identify for 60 gold pieces
  3975 | D:6      | Bought a scroll of identify for 60 gold pieces
  4031 | D:6      | Reached * piety under Okawaru
  4079 | D:6      | Reached skill level 9 in Axes
  4576 | D:7      | Found Futhrius's Assorted Antiques.
  4894 | D:7      | Reached ** piety under Okawaru
  4894 | D:7      | Reached skill level 10 in Axes
  5099 | D:8      | Gained mutation: When seriously injured, your bleeding wounds create thick armour. (AC +9) [demonic ancestry]
  5099 | D:8      | Reached XP level 9. HP: 60/61 MP: 9/9
  5270 | D:8      | Reached *** piety under Okawaru
  5300 | D:8      | Found an opulent altar of Gozag.
  5489 | D:8      | Reached skill level 11 in Axes
  5908 | D:9      | Noticed Minion's ghost (weakling FoAs)
  5911 | D:9      | Killed Minion's ghost
  5929 | D:9      | Reached **** piety under Okawaru
  6033 | D:9      | Noticed a troll
  6042 | D:9      | Killed a troll
  6042 | D:9      | Reached skill level 5 in Armour
  6087 | D:9      | Found a white marble altar of Elyvilon.
  6087 | D:9      | Found a bloodstained altar of Trog.
  6300 | D:9      | Reached skill level 12 in Axes
  6300 | D:9      | Gained mutation: You have hoof-like feet. [demonic ancestry]
  6300 | D:9      | Reached XP level 10. HP: 47/67 MP: 7/10
  6758 | D:10     | Entered Level 10 of the Dungeon
  6803 | D:10     | Reached ***** piety under Okawaru
  7169 | D:10     | Noticed a hill giant
  7178 | D:10     | Killed a hill giant
  7178 | D:10     | Received a gift from Okawaru
  7179 | D:10     | Noticed a hill giant
  7187 | D:10     | Killed a hill giant
  7187 | D:10     | Reached skill level 13 in Axes
  7302 | D:10     | Found a staircase to the Orcish Mines.
  7386 | D:10     | Found a staircase to the Lair.
  7393 | D:10     | Got an encrusted falchion
  7409 | D:10     | Found Ijeot's Jewellery Shoppe.
  7558 | Lair:1   | Entered Level 1 of the Lair of Beasts
  7756 | Lair:1   | Received a gift from Okawaru
  7785 | Lair:1   | Noticed a seven-headed hydra
  7835 | Lair:1   | Gained mutation: You regenerate magic rapidly. [demonic ancestry]
  7835 | Lair:1   | Reached XP level 11. HP: 66/72 MP: 11/11
  7970 | Lair:1   | Killed a nine-headed hydra
  8028 | Lair:1   | Received a gift from Okawaru
  8333 | Lair:2   | Noticed a five-headed hydra
  8436 | Lair:2   | Reached skill level 14 in Axes
  8475 | Lair:2   | Found a staircase to the Swamp.
  8548 | Lair:2   | Found a staircase to the Snake Pit.
  8762 | Lair:2   | Received a gift from Okawaru
  8773 | Lair:2   | Got a pair of ancient gloves {god gift}
  8784 | Lair:2   | Identified the +0 pair of gloves of a sewer {rPois Str+6 Dex-4 Stlth+} (Okawaru gifted it to you on level 2 of the Lair of Beasts)
  9413 | Lair:3   | Reached XP level 12. HP: 33/84 MP: 10/12
  9642 | Lair:3   | Reached skill level 15 in Axes
  9679 | Lair:3   | Reached skill level 5 in Fighting
  9992 | Lair:3   | Noticed an eight-headed hydra
 10907 | Lair:4   | Received a gift from Okawaru
 10919 | Lair:4   | Identified a +0 pair of boots of running (Okawaru gifted it to you on level 4 of the Lair of Beasts)
 11216 | Lair:5   | Reached ****** piety under Okawaru
 11924 | Lair:6   | Entered Level 6 of the Lair of Beasts
 11925 | Lair:6   | Found a staircase to the Slime Pits.
 11956 | Lair:6   | Noticed Kirke
 11975 | Lair:6   | Killed Kirke
 11975 | Lair:6   | Received a gift from Okawaru
 11975 | Lair:6   | Reached skill level 10 in Armour
 12132 | Lair:6   | Reached XP level 13. HP: 96/96 MP: 13/13
 12150 | Lair:6   | Noticed Rupert
 12161 | Lair:6   | Killed Rupert
 12161 | Lair:6   | Reached skill level 16 in Axes
 12362 | Lair:6   | Noticed matthes123's ghost (journeyman GrEE)
 12374 | Lair:6   | Received a gift from Okawaru
 12587 | Lair:6   | Received a gift from Okawaru
 12604 | Lair:6   | Got an encrusted broad axe {god gift}
 12606 | Lair:6   | Identified the +2 broad axe of Precise Incision {chop, Str+4} (Okawaru gifted it to you on level 6 of the Lair of Beasts)
 12941 | Lair:6   | Noticed Nessos
 12957 | Lair:6   | Killed Nessos
 13036 | Lair:6   | Received a gift from Okawaru
 13209 | Lair:6   | Killed from afar by matthes123's ghost

Vault maps used:
D:1:      lightli_arrival_statue_moat, minmay_tripent
D:2:      vehumet_crystals, nicolae_overflow_hidden_temple
D:3:      lemuel_doored_altar, gup_sewer_entry_glass, makhleb_altar_promises_db,
          uniq_sigmund
D:4:      uniq_natasha, uniq_robin
D:5:      fedhas_altar_2, xom_butterflies, first_bread, uniq_crazy_yiuf_cottage
D:6:      serial_shops, shop, kennysheep_mini, shop_coins
D:7:      serial_shops, nicolae_shop_overgrown_old_shop
D:8:      nicolae_gozag_cash_rules_everything_around_me, grunt_pizzeria
D:9:      nicolae_whirlpool, gammafunk_temple_overflow_elements
D:10:     grunt_lair_entry_orc_guard_hut, orc_0_dummy, serial_shops, shop,
          grunt_decor_mini_mirrors
Temple:   oiseaux_autumnal_temple
Lair:2:   swamp_mist_pool, minmay_snake_entry_six_corridors, lemuel_fruit_fields
Lair:3:   gammafunk_lair_bear_cave, cheibrodos_lair_reptile_den
Lair:5:   beast_lair_carwin_4, uniq_nessos
Lair:6:   minmay_lair_end_enchanted_forest, slime_dummy, lemuel_fruit_tree,
          infiniplex_staircase_pool_2, uniq_kirke, uniq_rupert
Sewer:    kennysheep_pipe_town

Skill      XL: |  1  2  3  4  5  6  7  8  9 10 11 12 13 |
---------------+----------------------------------------+-----
Axes           | 3 5 6 8 10 12 13 14 15 16 | 16.7
Armour         | 2 3 5 7 8 10 | 10.7
Fighting       | 4 7 9 |  9.1
Throwing       | |  1.7
Dodging        | |  2.6

Action                   |  1- 3 |  4- 6 |  7- 9 | 10-12 | 13-15 || total
-------------------------+-------+-------+-------+-------+-------++-------
Melee: War axe           |   104 |   178 |   312 |   550 |   102 ||  1246
       Kick              |       |    36 |    77 |    98 |       ||   211
       Broad axe         |       |       |       |       |   101 ||   101
Throw: Throwing net      |       |     1 |     1 |       |     1 ||     3
Evoke: Wand              |       |       |       |     4 |       ||     4
  Use: Scroll            |       |    10 |    11 |    10 |     3 ||    34
       Potion            |       |     1 |     1 |     6 |     6 ||    14
 Stab: Held in net/web   |       |     1 |       |       |     2 ||     3
  Eat: Chunk             |       |     7 |    11 |    13 |     4 ||    35
       Pizza             |       |       |     1 |       |       ||     1
       Meat ration       |       |       |       |     1 |       ||     1
Armor: Leather armour    |    29 |    63 |    32 |       |       ||   124
       Ring mail         |       |       |    52 |    23 |       ||    75
       Chain mail        |       |       |       |   204 |   124 ||   328
Dodge: Dodged            |    67 |   121 |   257 |   270 |   103 ||   818
